 Dungeon Crawl Stone Soup version 0.19-a0-376-gf780d9b (webtiles) character file.

383 Loading the Covered (level 6, -6/39 HPs)
             Began as a Gargoyle Fighter on May 30, 2016.
             Mangled by a white very ugly thing (13 damage)
             ... on level 1 of the Abyss.
             The game lasted 00:10:44 (3536 turns).

Loading the Covered (Gargoyle Fighter)              Turns: 3536, Time: 00:10:45

Health: -6/39      AC: 15    Str: 19    XL:     6   Next: 76%
Magic:  0/6        EV:  8    Int:  9    God:
Gold:   184        SH:  0    Dex: 11    Spells: 0 memorised, 5 levels left

rFire  . . .     SeeInvis .     a - +1 flail
rCold  . . .     Gourm    .     o - +0 chain mail
rNeg   + . .     Faith    .     (no shield)
rPois  ∞         Spirit   +     (no helmet)
rElec  +         Dismiss  .     (no cloak)
rCorr  .         Reflect  .     (no gloves)
SustAt .         Harm     .     p - +0 pair of boots
MR     .....                    q - amulet of guardian spirit
Stlth  ..........               (no ring)
                                j - +2 ring of slaying

@: very slightly contaminated, not resistant to hostile enchantments, extremely
unstealthy
A: negative energy resistance 1, electricity resistance, unbreathing,
petrification resistance, rot immunity, AC +4
a: no special abilities


You were on level 1 of the Abyss.
You were hungry.

You visited 1 branch of the dungeon, and saw 4 of its levels.
You visited the Abyss 1 time.

You collected 184 gold pieces.

Inventory:

Hand Weapons
 a - a +1 flail (weapon)
Armour
 c - a +0 shield
 o - a +0 chain mail (worn)
 p - a +0 pair of boots (worn)
Jewellery
 j - a +2 ring of slaying (left hand)
 q - an amulet of guardian spirit (around neck)
Scrolls
 h - 2 scrolls of remove curse
Potions
 e - a potion of mutation
 m - 2 potions of curing {unknown}
 r - a potion of ambrosia {unknown}
 s - a potion of heal wounds {unknown}
 t - 2 potions of lignification {unknown}
 w - 2 potions of degeneration {unknown}
 z - 2 potions of brilliance
Comestibles
 f - 3 bread rations
 k - 3 fruits
 l - a royal jelly
 n - a slice of pizza
 v - 2 beef jerkies


   Skills:
 + Level 4.5 Fighting
 * Level 4.4 Maces & Flails
 + Level 5.0 Armour
 + Level 1.9 Dodging
 + Level 0.5 Stealth
 - Level 3.2 Shields


You had 5 spell levels left.
You didn't know any spells.

Dungeon Overview and Level Annotations

Branches:
Dungeon (4/15)
 Temple: D:4-7

Altars:
Ashenzari
Gozag
Okawaru
Pakellas
Zin

Annotations:
D:4 Yehuk's ghost, amateur DrCj


Innate Abilities, Weirdness & Mutations

You are resistant to torment.
Your stone body is resilient (AC +4).
You are immune to poison.
You resist negative energy. (rN+)
You are resistant to electric shocks. (rElec)
You can survive without breathing.
You are immune to petrification.
You are immune to rotting.


Message History

The thrashing horror tramples you.
* * * LOW HITPOINT WARNING * * *
You hold your ground!
The thrashing horror barely misses you.
The thrashing horror closely misses you.
The thrashing horror roars!
The thrashing horror tramples you but does no damage.
The thrashing horror barely misses you.
The thrashing horror roars!
The thrashing horror tramples you but does no damage.
The thrashing horror tramples you.
You hold your ground!
The thrashing horror tramples you but does no damage. x2
The thrashing horror roars!
The green very ugly thing closely misses you.
The green very ugly thing basks in your mutagenic energy and changes!
The white very ugly thing headbutts you but does no damage.
You sock the white very ugly thing!
The white very ugly thing is lightly wounded.
The white very ugly thing headbutts you!
You die...

#.##.#
X#.#.#.# .
#.# # ....
.#.## #
.#...####.
.....# #
### ..#.X#
.## #.#.##
# #.#.. #.
.#.##.. #.
.#X#####
###Xu@#
#####


You could see a white very ugly thing, a thrashing horror and a large
abomination.

Vanquished Creatures
  A centaur (D:3)
  2 howler monkeys (D:4)
  A hound (D:4)
  10 adders
  An adder skeleton (D:4)
  3 dart slugs
  3 worms
  3 giant geckos
  9 orcs
  A giant cockroach (D:4)
  8 goblins
  11 hobgoblins
  20 jackals
  A quokka (D:2)
  3 bats
  5 giant newts
  A kobold (D:2)
  A quokka skeleton (D:4)
  5 rats
89 creatures vanquished.

Notes
Turn   | Place    | Note
--------------------------------------------------------------
     0 | D:1      | Loading the Gargoyle Fighter began the quest for the Orb.
     0 | D:1      | Reached XP level 1. HP: 14/14 MP: 1/1
   230 | D:1      | Reached XP level 2. HP: 19/19 MP: 2/2
   489 | D:1      | Reached XP level 3. HP: 13/23 MP: 3/3
  1118 | D:2      | Reached skill level 4 in Armour
  1255 | D:2      | Reached skill level 1 in Dodging
  1255 | D:2      | Reached XP level 4. HP: 22/29 MP: 4/4
  1462 | D:2      | Found an oddly glowing altar of Pakellas.
  1881 | D:2      | Found a shattered altar of Ashenzari.
  1983 | D:3      | Reached XP level 5. HP: 31/33 MP: 5/5
  2341 | D:3      | Found an opulent altar of Gozag.
  2342 | D:3      | Found a glowing silver altar of Zin.
  2525 | D:3      | Noticed a centaur
  2537 | D:3      | Killed a centaur
  2537 | D:3      | Reached XP level 6. HP: 16/38 MP: 3/6
  2861 | D:4      | Found an iron altar of Okawaru.
  3084 | D:4      | Reached skill level 5 in Armour
  3211 | D:4      | Noticed Yehuk's ghost (amateur DrCj)
  3256 | D:4      | Cast into level 1 of the Abyss (Yehuk's ghost)
  3303 | Abyss:1  | Noticed a silent spectre
  3306 | Abyss:1  | Noticed an ancient zyme
  3318 | Abyss:1  | Noticed an ancient zyme
  3319 | Abyss:1  | Noticed a ynoxinul
  3371 | Abyss:1  | Noticed a large abomination
  3374 | Abyss:1  | Noticed a thrashing horror
  3425 | Abyss:1  | Noticed a bone dragon
  3441 | Abyss:1  | Noticed a green death
  3452 | Abyss:1  | Noticed a small abomination
  3460 | Abyss:1  | Noticed a green very ugly thing
  3515 | Abyss:1  | Noticed a large abomination
  3521 | Abyss:1  | Noticed a thrashing horror
  3536 | Abyss:1  | Mangled by a white very ugly thing

Vault maps used:
D:1:      co_arrival_random_square_maze
D:2:      grunt_pakellas_mercury, lemuel_coloured_pillars_altar
D:3:      grunt_temple_overflow_gold_and_silver, kennysheep_generic_room_16
D:4:      first_bread, okawaru_ov_weapons_minmay

Skill      XL: |  1  2  3  4  5  6 |
---------------+-------------------+-----
Armour         | 4 5 |  5.0
Dodging        | 1 |  1.9
Maces & Flails | 3 4 |  4.4
Fighting       | 4 |  4.5
Stealth        | |  0.5
Shields        | |  3.2

Action                   |  1- 3 |  4- 6 || total
-------------------------+-------+-------++-------
Melee: Flail             |   107 |   211 ||   318
  Use: Scroll            |       |    15 ||    15
       Potion            |       |     3 ||     3
  Eat: Pizza             |     1 |       ||     1
       Chunk             |       |     7 ||     7
Armor: Scale mail        |    73 |     1 ||    74
       Chain mail        |       |   226 ||   226
Dodge: Dodged            |    76 |   162 ||   238
